 Dungeon Crawl Stone Soup version 0.28.0-45-g0d030f2227 (webtiles) character file.

Game seed: 5623908407307753133

24 Descartes the Grasshopper (level 3, -1/40 HPs)
             Began as a Formicid Warper on Apr 14, 2022.
             Slain by an adder (3 damage)
             ... on level 2 of the Dungeon.
             The game lasted 00:02:33 (813 turns).

Descartes the Grasshopper (Formicid Warper)          Turns: 813, Time: 00:02:33

Health: -1/40      AC: 21    Str: 17    XL:     3   Next: 15%
Magic:  6/6        EV:  2    Int: 12    God:
Gold:   96         SH:  0    Dex: 10    Spells: 6/6 levels left

rFire   . . .      SeeInvis .   a - +0 hand axe
rCold   . . .      Faith    .   (no shield)
rNeg    . . .      Spirit   .   (armour currently unavailable)
rPois   +          Reflect  .   (helmet unavailable)
rElec   .          Harm     .   (cloak currently unavailable)
rCorr   .          Rampage  .   (gloves currently unavailable)
Will    .....                   (boots currently unavailable)
Stlth   +.........              (no amulet)
HPRegen 0.13/turn               (no ring)
MPRegen 0.10/turn               (no ring)

@: tree-form
A: stationary, stasis, torment immunity, boosted hp, permanent stasis, dig
shafts and tunnels, (antennae 3), four strong arms
a: no special abilities


You were on level 2 of the Dungeon.
You were a tree.
You visited 1 branch of the dungeon, and saw 3 of its levels.

You collected 96 gold pieces.

Inventory:

Hand Weapons
 a - a +0 hand axe (weapon)
Missiles
 c - 5 boomerangs of dispersal (quivered)
 d - 26 stones
Armour
 g - the +1 scale mail of Defiance (melded) {rF+ rCorr}
   (You found it on level 2 of the Dungeon)

   rF:        It protects you from fire.
   rCorr:     It protects you from acid and corrosion.
 j - a +0 pair of gloves (melded)
Scrolls
 f - a scroll of silence {unknown}
Potions
 e - a potion of brilliance {unknown}
 h - a potion of magic {unknown}
 i - a potion of berserk rage {unknown}


   Skills:
 - Level 2.1 Fighting
 + Level 2.5 Axes
 - Level 1.0 Throwing
 + Level 2.0 Armour
 - Level 1.7 Dodging
 - Level 2.1 Spellcasting
 + Level 3.1 Translocations


You had 6 spell levels left.
You didn't know any spells.
Your spell library contained the following spells:

 Spells                   Type           Power      Damage    Failure   Level
 Gell's Gravitas          Tloc           8%         N/A       22%         3
 Lesser Beckoning         Tloc           8%         N/A       22%         3
 Teleport Other           Tloc           8%         N/A       22%         3
 Sting                    Tmut/Pois      4%         1d3       26%         1
 Poisonous Vapours        Pois/Air       2%         N/A       38%         2
 Scorch                   Fire           2%         2d5       38%         2
 Manifold Assault         Tloc           8%         N/A       91%         5
 Flame Wave               Conj/Fire      1%         2d4       95%         4
 Olgreb's Toxic Radiance  Pois           1%         N/A       95%         4
 Summon Cactus Giant      Summ           0%         N/A       100%        6
 Blink                    Tloc           Unusable   N/A       N/A         2

Dungeon Overview and Level Annotations

Branches:
Dungeon (3/15)

Altars:

Annotations:
D:3 Sigmund


Innate Abilities, Weirdness & Mutations

You are a tree.
Your roots penetrate the ground, keeping you stationary.
You cannot be teleported.
You are immune to unholy pain and torment.
Your maximum health is greatly increased.
Your equipment is partially melded.
You cannot be hasted, slowed, berserked, paralysed or teleported.
You can dig through walls and to a lower floor.
((You have a pair of large antennae on your head. (SInv)))
Your four strong arms can wield two-handed weapons with a shield.


Message History

You hit the adder.
The adder is heavily wounded.
You barely miss the hound.
You feel sick. The hound bites you.
* * * LOW HITPOINT WARNING * * *
The adder bites you but does no damage. The hound bites you but does no damage.
You closely miss the adder.
The adder is heavily wounded.
You hit the hound but do no damage.
You feel sick.
You are no longer poisoned.
The adder bites you but does no damage. The hound bites you.
* * * LOW HITPOINT WARNING * * *
The adder closely misses you.
You hit the adder.
The adder is severely wounded.
You hit the hound. The hound bites you.
* * * LOW HITPOINT WARNING * * *
The adder barely misses you. The hound bites you but does no damage.
The adder bites you but does no damage.
Unknown command.
It was a potion of lignification.
You turn into a tree.
Your +0 pair of gloves melds into your body.
The +1 scale mail of Defiance {rF+ rCorr} melds into your body.
Your roots penetrate the ground.
The hound bites you but does no damage. The adder bites you but does no damage.
You barely miss the adder.
The adder is heavily wounded.
You barely miss the hound. The hound bites you but does no damage.
The adder bites you but does no damage. The hound bites you but does no damage.
Unknown command.
You hit the adder but do no damage.
The adder is heavily wounded.
You barely miss the hound. The hound bites you but does no damage.
The adder bites you but does no damage. The hound bites you but does no damage.
The adder bites you but does no damage.
Unknown command.
You hit the adder.
The adder is severely wounded.
You closely miss the hound. The hound bites you but does no damage.
The adder bites you.
You die...

######### #....hS.#
#....♣..# ## #.......# #.
#.......# ##. # #.......#
#.. # #.......# ##.# ###
##.......# #####..# #.#
#........# #.....†. #.#
#..<.....# #..(.... #.#
###........#######....†).


You could see a hound and an adder.

Vanquished Creatures
  3 bats (D:2)
  An endoplasm (D:1)
  A giant cockroach (D:1)
  A goblin (D:2)
  3 hobgoblins (D:2)
  4 jackals (D:2)
  A kobold (D:1)
  2 ball pythons
  A frilled lizard (D:1)
  4 rats (D:2)
21 creatures vanquished.

Notes
Turn   | Place    | Note
-------+----------+-------------------------------------------
     0 | D:1      | Descartes the Formicid Warper began the quest for the Orb.
     0 | D:1      | Reached XP level 1. HP: 16/16 MP: 3/3
   281 | D:1      | You fall into a shaft and drop 1 floor!
   283 | D:2      | Reached XP level 2. HP: 22/22 MP: 5/5
   299 | D:2      | Identified the +1 scale mail of Defiance {rF+ rCorr}
   401 | D:2      | Reached skill level 3 in Translocations
   452 | D:2      | Reached XP level 3. HP: 27/27 MP: 6/6
   776 | D:3      | Noticed Sigmund
   809 | D:2      | HP: 1/27 [hound (3)]
   813 | D:2      | Slain by an adder

Illustrated notes

Levels and vault maps discovered:
D:1:      wander_arrival_peaceful_grave, layout_loops_ring,
          chequers_ecumenical_altar_simple
D:2:      layout_rooms
D:3:      layout_basic, serial_shops, nicolae_shop_trees, minivault_14,
          uniq_sigmund, uniq_robin, uniq_grinder

Skill      XL: |  1  2  3 |
---------------+----------+-----
Translocations | 3 |  3.1
Armour         | 2 |  2.0
Fighting       | |  2.1
Axes           | |  2.5
Throwing       | |  1.0
Dodging        | |  1.7
Spellcasting   | |  2.1

Action                   || total
-------------------------++-------
Melee: Hand axe          ||    65
       Punch             ||     1
  Use: Potion            ||     2
Armor: Leather armour    ||     5
       Scale mail        ||    40
       Skin              ||    10
Dodge: Dodged            ||    43
